 Dungeon Crawl Stone Soup version 0.22.0-13-g43fe8f2 (webtiles) character file.

2184 sking99 the Insei (level 9, -5/63 HPs)
             Began as an Octopode Transmuter on Aug 16, 2018.
             Was a Follower of Sif Muna.
             Slain by a phantom (9 damage)
             ... on level 6 of the Dungeon.
             The game lasted 00:14:25 (6987 turns).

sking99 the Insei (Octopode Transmuter)             Turns: 6987, Time: 00:14:26

Health: -5/63      AC:  1    Str:  9    XL:     9   Next: 33%
Magic:  12/12      EV: 23    Int: 16    God:    Sif Muna [*.....]
Gold:   487        SH:  0    Dex: 20    Spells: 7/12 levels left

rFire    . . .     SeeInvis .   h - staff of poison (curse)
rCold    . . .     Gourm    .   (no shield)
rNeg     . . .     Faith    .   (helmet restricted)
rPois    +         Spirit   .   (no amulet)
rElec    .         Reflect  .   (no ring)
rCorr    .         Harm     .   (no ring)
MR       .....                  (no ring)
Stlth    ++++......             (no ring)
HPRegen  0.20/turn              (no ring)
MPRegen  0.13/turn              (no ring)
                                (no ring)
                                (no ring)

@: agile, divine energy
A: almost no armour, stealthy swim, amphibious, 8 rings, constrict 8, camouflage
1, gelatinous body 1
a: Stop Divine Energy, Renounce Religion


You were on level 6 of the Dungeon.
You worshipped Sif Muna.
Sif Muna was aware of your devotion.
You were not hungry.

You visited 1 branch of the dungeon, and saw 6 of its levels.
You also visited: Ossuary.

You collected 487 gold pieces.

Inventory:

Missiles
 a - 40 arrows
 x - a throwing net (quivered)
Magical Staves
 h - a cursed staff of poison (weapon)
Jewellery
 b - an uncursed amulet of guardian spirit {unknown}
 l - an uncursed ring of protection from fire {unknown}
Wands
 d - a wand of iceblast (10)
 y - a wand of flame (20)
Scrolls
 j - 2 scrolls of fog {unknown}
 n - a scroll of immolation {unknown}
 p - a scroll of amnesia
 r - a scroll of noise {unknown}
 s - a scroll of enchant armour
 t - a scroll of teleportation {unknown}
 u - 2 scrolls of remove curse
 v - a scroll of identify
 w - a scroll of magic mapping {unknown}
Potions
 e - a potion of cancellation {unknown}
 f - 2 potions of brilliance
 g - a potion of agility
 i - a potion of lignification {unknown}
 k - 2 potions of curing {unknown}
 m - a potion of might {unknown}
 o - a potion of ambrosia {unknown}
 z - a potion of heal wounds {unknown}
Comestibles
 c - 7 rations
 A - 4 chunks of flesh


   Skills:
 + Level 6.6 Fighting
 + Level 6.5 Dodging
 + Level 7.3 Unarmed Combat
 - Level 2.0 Spellcasting
 - Level 4.1 Transmutations
 - Level 2.1 Poison Magic


You had 7 spell levels left.
You knew the following spells:

 Your Spells              Type           Power        Failure   Level  Hunger
b - Sticks to Snakes      Tmut           ##......     6%          2    ###....
c - Spider Form           Tmut/Pois      ###.......   17%         3    ###....

Your spell library contained the following spells:

 Spells                   Type           Power        Failure   Level  Hunger
 Blade Hands              Tmut           ##........   71%         5    ######.
 Ice Form                 Ice/Tmut       #.......     65%         4    #####..
 Beastly Appendage        Tmut           ##....       3%          1    #......


Dungeon Overview and Level Annotations

Branches:
Dungeon (6/15)
 Temple: D:4-7

Altars:
Kikubaaqudgha
Okawaru
Sif Muna

Shops:
D:5 }


Innate Abilities, Weirdness & Mutations

You cannot wear most types of armour.
You are very stealthy in the water. (Stealth+)
You are amphibious.
You can wear up to eight rings at the same time.
You can use your tentacles to constrict eight enemies at once.
Your skin changes colour to match your surroundings (Stealth+).
Your rubbery body absorbs attacks. (AC +1, EV +1)


Message History

The orc wizard looks encouraged for a moment.
Found a robe.
You hit the orc wizard but do no damage.
You grab the orc wizard. You squeeze the orc wizard.
The orc wizard is lightly wounded.
You constrict the orc wizard.
The orc wizard hits you with a warped war axe {vamp}!
* * * LOW HITPOINT WARNING * * *
The orc wizard draws strength from your wounds!
As you read the scroll of fear, it crumbles to dust.
You assume a fearsome visage.
The phantom is unaffected.
The orc wizard looks frightened!
You constrict the orc wizard.
The orc wizard mumbles some strange words.
The orc wizard flickers and vanishes!
Deactivating autopickup; reactivate with Ctrl-A.
The phantom closely misses you.
Okay, then.
You feel agile all of a sudden.
You constrict something. The phantom hits you!
You die...

[.. .. ###.#
###...# #
#####.....#.##.
.............[ ###
#.#..)....##.
#...#....@{.<....
#.......W########
.......).)ยง.#
.........##.#
##.......##.#
#.......##.########
#.......#.........#
#.......#......)..#
#.......#......).)#


You could see a phantom.

Vanquished Creatures
  Sigmund (D:6)
  Eustachio (D:4)
  A sky beast (D:5)
  An ice beast (D:6)
  An orc warrior (D:6)
  A phantom (D:6)
  4 ogres
  A centaur (D:4)
  A bullfrog (D:5)
  2 scorpions
  A crimson imp (D:6)
  3 howler monkeys
  A bullfrog zombie (D:5)
  A human zombie (Ossuary)
  A jelly (D:5)
  7 orc priests
  A hound (D:5)
  2 orc wizards (D:6)
  A gnoll shaman (D:6)
  A bullfrog skeleton (D:5)
  A worker ant (D:5)
  A big kobold zombie (Ossuary)
  2 mummies (Ossuary)
  A hound skeleton (D:3)
  3 gnolls (D:6)
  4 adders
  A shadow imp (D:6)
  An ooze (D:3)
  2 adder skeletons
  4 worms
  2 dart slugs
  3 leopard geckos
  19 orcs
  A ball python (D:2)
  10 bats
  6 giant cockroaches
  17 goblins
  4 hobgoblins
  12 jackals
  2 quokkas
  3 frilled lizards
  3 gnoll zombies (Ossuary)
  6 goblin zombies (Ossuary)
  3 hobgoblin zombies (Ossuary)
  6 kobolds
  A leopard gecko zombie (D:6)
  7 rats
158 creatures vanquished.

Vanquished Creatures (collateral kills)
  An ogre (D:4)
1 creature vanquished.

Grand Total: 159 creatures vanquished

Notes
Turn   | Place    | Note
-------+----------+-------------------------------------------
     0 | D:1      | sking99 the Octopode Transmuter began the quest for the Orb.
     0 | D:1      | Reached XP level 1. HP: 13/13 MP: 3/3
   394 | D:1      | Reached XP level 2. HP: 17/18 MP: 5/5
   405 | D:1      | Learned a level 2 spell: Sticks to Snakes
  1133 | D:2      | Reached XP level 3. HP: 24/24 MP: 1/6
  1264 | D:2      | Learned a level 3 spell: Spider Form
  1327 | D:2      | Found a faded altar of an unknown god.
  1598 | D:2      | Reached skill level 1 in Poison Magic
  1899 | D:2      | Reached XP level 4. HP: 24/29 MP: 7/7
  2108 | D:3      | Found a deep blue altar of Sif Muna.
  2135 | D:3      | Became a worshipper of Sif Muna the Loreminder
  2376 | D:3      | Found an ancient bone altar of Kikubaaqudgha.
  2686 | D:3      | Found an iron altar of Okawaru.
  2727 | D:3      | Reached XP level 5. HP: 23/35 MP: 6/8
  3079 | D:4      | Noticed an ogre
  3097 | D:4      | Killed an ogre
  3097 | D:4      | Reached skill level 4 in Unarmed Combat
  3129 | D:4      | Reached XP level 6. HP: 17/41 MP: 9/9
  3336 | D:4      | Noticed Eustachio
  3356 | D:4      | Killed Eustachio
  3407 | D:4      | Reached XP level 7. HP: 40/46 MP: 3/10
  3538 | D:4      | Found a sand-covered staircase.
  3544 | Ossuary  | Entered an ossuary
  4208 | D:4      | Reached skill level 5 in Unarmed Combat
  4555 | D:5      | Entered Level 5 of the Dungeon
  4862 | D:5      | Reached XP level 8. HP: 36/54 MP: 11/11
  5183 | D:5      | Reached skill level 5 in Fighting
  5551 | D:5      | Found Tiepohoss's Gadget Emporium.
  5610 | D:5      | Reached * piety under Sif Muna
  5801 | D:5      | Reached skill level 5 in Dodging
  5801 | D:5      | Reached skill level 6 in Unarmed Combat
  6658 | D:6      | Reached XP level 9. HP: 57/62 MP: 6/12
  6689 | D:6      | Reached skill level 7 in Unarmed Combat
  6837 | D:6      | Noticed Sigmund
  6856 | D:6      | Killed Sigmund
  6985 | D:6      | HP: 3/63 [orc wizard/warped war axe {vamp} (14)]
  6987 | D:6      | Slain by a phantom

Skill      XL: |  1  2  3  4  5  6  7  8  9 |
---------------+----------------------------+-----
Fighting       | 2 3 4 6 |  6.6
Poison Magic   | 1 2 |  2.1
Transmutations | 3 4 |  4.1
Unarmed Combat | 4 5 6 7 |  7.3
Dodging        | 3 4 5 6 |  6.5
Spellcasting   | |  2.0

Action                   |  1- 3 |  4- 6 |  7- 9 || total
-------------------------+-------+-------+-------++-------
Melee: Unarmed           |    93 |   109 |   246 ||   448
       Constrict         |    30 |    14 |    25 ||    69
       Tentacles         |    13 |    13 |    21 ||    47
       Punch             |     2 |     1 |     2 ||     5
       Kick              |       |     7 |       ||     7
       Staff             |       |       |    93 ||    93
 Cast: Spider Form       |     1 |     3 |    23 ||    27
       Beastly Appendage |       |     4 |       ||     4
       Sticks to Snakes  |       |     4 |     4 ||     8
Invok: Divine Energy     |       |       |     1 ||     1
  Use: Scroll            |     4 |     5 |     2 ||    11
       Potion            |       |       |     1 ||     1
 Stab: Sleeping          |     2 |     4 |     6 ||    12
       Distracted        |       |     1 |       ||     1
  Eat: Chunk             |     3 |     4 |    11 ||    18
       Ration            |       |     1 |     1 ||     2
Armor: Skin              |    13 |     6 |    16 ||    35
Dodge: Dodged            |    65 |    81 |   262 ||   408
